 Dungeon Crawl Stone Soup version 0.31-a0-408-gb642c7f9a3 (webtiles) character file.

Game seed: 15422838081339802264

2851 Gelion the Mimic (level 9, -8/63 HPs)
             Began as an Octopode Shapeshifter on July 30, 2023.
             Mangled by an orc warlord
             ... wielding a +3 broad axe
              (22 damage)
             ... in a bailey.
             The game lasted 00:16:23 (7101 turns).

Gelion the Mimic (Octopode Shapeshifter)            Turns: 7101, Time: 00:16:24

Health: -8/63      AC:  5    Str: 14    XL:     9   Next: 74%
Magic:  9/9        EV: 14    Int: 10    God:
Gold:   441        SH:  0    Dex: 23    Spells: 8/8 levels left

rFire   + .          .
                       - Unarmed
rCold   . . .        (no shield)
rNeg    . . .        (helmet currently unavailable)
rPois   .            (no amulet)
rElec   .            j - +6 ring of dexterity
rCorr   .            h - ring of protection from fire
SInv    .            r - +4 ring of protection
Will    +....        (no ring)
Stlth   ++           (no ring)
HPRegen 0.30/turn    (no ring)
MPRegen 0.11/turn    (no ring)
                     (no ring)

%: no passive effects
@: beast-form, silenced, enlightened, flying
A: beast (slay +5), almost no armour, amphibious, 8 rings, camouflage 1,
gelatinous body 1, (nimble swimmer 1), tentacles
a: Begin Untransformation


You were in a bailey.
You were a hulking beast.
You visited 2 branches of the dungeon, and saw 8 of its levels.
You also visited: Bailey.

You collected 441 gold pieces.

Inventory:

Hand Weapons
 a - a +1 demon blade
 n - the +3 sling of the Wraith {speed, Will+}
   (You found it on level 3 of the Dungeon)

   Will:      It increases your willpower.
Jewellery
 h - a ring of protection from fire (right tentacle)
 j - a +6 ring of dexterity (left tentacle)
 r - a +4 ring of protection (on tentacle)
Talismans
 b - a beast talisman
Wands
 g - a wand of iceblast (9)
Scrolls
 d - a scroll of torment
 i - 4 scrolls of identify
 p - a scroll of revelation
Potions
 e - 6 potions of curing
 f - a potion of haste {unknown}
 k - a potion of ambrosia {unknown}
 l - a potion of enlightenment
 m - a potion of mutation {unknown}
 o - a potion of brilliance {unknown}
 q - a potion of degeneration {unknown}


   Skills:
 + Level 6.5 Fighting
 - Level 2.0 Dodging
 + Level 7.2 Unarmed Combat
 * Level 8.4 Shapeshifting


You had 8 spell levels left.
You didn't know any spells.
Your spell library contained the following spells:

 Spells                   Type           Power      Damage    Failure   Level
 Passwall                 Tmut/Erth      0%         N/A       50%         2
 Summon Ice Beast         Ice/Summ       0%         N/A       98%         4
 Summon Forest            Summ/Tloc      0%         N/A       100%        5
 Animate Armour           Summ/Erth      Unusable   N/A       N/A         4

Dungeon Overview and Level Annotations

Branches:
Dungeon (7/15)             Temple (1/1) D:5          Bailey (1/1)

Altars:
Ashenzari
Elyvilon
Fedhas
Hepliaklqana
Makhleb
Nemelex Xobeh
Okawaru
Qazlal
Ru
Wu Jian
Xom
Yredelemnul
Zin
The Shining One
Ignis

Shops:
D:7 *


Innate Abilities, Weirdness & Mutations

You are a hulking beast.
Your limbs bulge with bestial killing power. (Slay +5)
You cannot wear most types of armour.
You are amphibious.
You can wear up to eight rings at the same time.
Your skin changes colour to match your surroundings (Stealth+).
Your rubbery body absorbs attacks. (AC +1, EV +1)
((You are camouflaged when in or above water. (Stealth+)))
You have tentacles for arms and can constrict up to eight enemies at once.


Message History

r - a +4 ring of protection
Things that are here:
a +0 hand axe; a +0 leather armour; an orc corpse You now have 441 gold pieces (gained 27).
Things that are here:
a +0 hand axe; a +0 leather armour An orc warlord comes into view.
It is wielding a +3 broad axe.
There is an open door here.
Things that are here:
a +0 hand axe; a +0 leather armour; a goblin skeleton
Things that are here:
a +0 hand axe; a +0 leather armour
r - a +4 ring of protection (on tentacle)
The orc warlord shouts!
It was a potion of enlightenment.
You feel very buoyant.
You fly up into the air.
As you read the scroll labelled ARALEI QECLURI, it crumbles to dust.
Your body is wracked with pain!
The orc warlord convulses!
It was a scroll of torment.
The orc warlord hits you with a +3 broad axe!
As you read the scroll labelled TICWIT DE QEYT, it crumbles to dust.
A profound silence engulfs you.
It was a scroll of silence.
The orc warlord hits you with a +3 broad axe!!
* * * LOW HITPOINT WARNING * * *
You feel better. The orc warlord barely misses you.
You tentacle-slap the orc warlord but do no damage.
You grab the orc warlord.
The orc warlord is heavily wounded.
You constrict the orc warlord, but do no damage.
The orc warlord barely misses you.
You tentacle-slap the orc warlord but do no damage.
The orc warlord is heavily wounded.
You constrict the orc warlord, but do no damage.
You bludgeon the orc warlord!
You tentacle-slap the orc warlord, but do no damage.
The orc warlord is severely wounded.
You constrict the orc warlord.
The orc warlord hits you with a +3 broad axe!!
You die...

#.......# #.....
##.......## ##.....
#.........# . #..o...
##.....)...## o###......
#.....).....# '###...o.⌠.
##.....)...##
8.88##...... #.........#
..... #......
##.......##.......##.....
#......ho.........'.....
##....)##........o##....
####### ....⌠.... #####
........ ....... #......
?!...! #!?∩!!


You could see an orc warlord.

Vanquished Creatures
  Sigmund (D:6)
  A water moccasin (D:7)
  An ice beast (D:6)
  A black bear (D:5)
  11 orc warriors (Bailey)
  An ogre (D:6)
  A centaur (D:6)
  The ghost of bahustanut the Insei, an amateur OpSh (D:3)
  A kobold brigand (D:6)
  2 bullfrogs
  3 scorpions
  A howler monkey (D:5)
  An orc priest (D:4)
  A hound (D:5)
  2 jellies
  A gnoll bouda (D:6)
  Ijyb (D:4)
  Terence (D:3)
  2 orc wizards
  17 gnolls
  15 adders
  A white imp (D:5)
  An ufetubus (D:6)
  2 worms (D:4)
  A dart slug (D:1)
  20 orcs
  14 ball pythons
  7 endoplasms
  A giant cockroach (D:4)
  23 goblins
  14 hobgoblins
  11 kobolds
  4 quokkas
  8 bats
  12 frilled lizards
  A rat (D:2)
186 creatures vanquished.

Notes
Turn   | Place    | Note
-------+----------+-------------------------------------------
     0 | D:1      | Gelion the Octopode Shapeshifter began the quest for the
                  | Orb.
     0 | D:1      | Reached XP level 1. HP: 13/13 MP: 1/1
    83 | D:1      | Reached XP level 2. HP: 15/18 MP: 2/2
   408 | D:1      | Found a faded altar of an unknown god.
   441 | D:1      | Reached XP level 3. HP: 23/23 MP: 3/3
   880 | D:2      | Found an iron altar of Okawaru.
  1149 | D:2      | Reached XP level 4. HP: 29/29 MP: 4/4
  1448 | D:2      | Reached skill level 4 in Shapeshifting
  1499 | D:2      | Reached XP level 5. HP: 32/35 MP: 5/5
  1890 | D:3      | Identified the +3 sling of the Wraith {speed, Will+}
  1965 | D:3      | Found a runed translucent door.
  1972 | D:3      | Noticed bahustanut's ghost (amateur OpSh)
  2056 | D:3      | Reached XP level 6. HP: 37/41 MP: 6/6
  2222 | D:3      | Noticed Terence
  2233 | D:3      | Killed Terence
  2351 | D:3      | Found a burning altar of Makhleb.
  2585 | D:3      | HP: 2/42 [bahustanut's ghost (10)]
  2586 | D:3      | Killed bahustanut's ghost
  2855 | D:4      | Reached skill level 5 in Shapeshifting
  2957 | D:4      | Got Vysox's Compendium of Assistive Moulding
  3021 | D:4      | Noticed Ijyb
  3028 | D:4      | Reached XP level 7. HP: 25/46 MP: 7/7
  3032 | D:4      | Killed Ijyb
  3551 | D:5      | Entered Level 5 of the Dungeon
  3740 | D:5      | Found a staircase to the Ecumenical Temple.
  3761 | Temple   | Entered the Ecumenical Temple
  3819 | D:5      | Reached skill level 5 in Unarmed Combat
  4178 | D:5      | Identified the +6 short sword "Heosch" {freeze, Int+2}
  4591 | D:5      | Reached skill level 6 in Shapeshifting
  4591 | D:5      | Reached XP level 8. HP: 46/54 MP: 8/8
  5423 | D:6      | Noticed Sigmund
  5430 | D:6      | Killed Sigmund
  5431 | D:6      | Reached skill level 5 in Fighting
  5540 | D:6      | Reached skill level 7 in Shapeshifting
  6100 | D:7      | Found Zin's Purification Station.
  6100 | D:7      | Found a glowing silver altar of Zin.
  6151 | D:7      | Reached XP level 9. HP: 61/61 MP: 9/9
  6156 | D:7      | Found a flagged portal.
  6167 | Bailey   | Entered a bailey
  6496 | Bailey   | Reached skill level 8 in Shapeshifting
  7087 | Bailey   | Noticed an orc warlord
  7101 | Bailey   | Mangled by an orc warlord

Illustrated notes

Levels and vault maps discovered:
D:1:      dpeg_arrival_court, layout_basic,
          hellmonk_ecumenical_altar_inner_sanctum, minmay_lizard_pond
D:2:      layout_loops_ring, basic_altar, minmay_snake_closets
D:3:      layout_loops_cross, general_overflow_altar, ebering_ghost_sewer_d,
          kennysheep_potato, uniq_terence
D:4:      layout_rooms, minmay_goblin_kobold_house, uniq_ijyb
D:5:      layout_basic, minmay_temple_entry_ruins
D:6:      layout_basic, chequers_serial_rivers_room_a, uniq_sigmund
D:7:      wad_guarded_room, layout_cave_pools, zin_purify,
          grunt_temple_overflow_cloverleaf, enter_bailey_3
Temple:   pdpol_scorched_temple
Bailey:   bailey_axe_minmay_hex_keep, bailey

Skill      XL: |  1  2  3  4  5  6  7  8  9 |
---------------+----------------------------+-----
Fighting       | 2 3 4 5 6 |  6.5
Shapeshifting  | 4 5 6 7 8 |  8.4
Unarmed Combat | 4 5 6 7 |  7.2
Dodging        | |  2.0

Action                     |  1- 3 |  4- 6 |  7- 9 || total
---------------------------+-------+-------+-------++-------
  Melee: Unarmed           |    59 |     1 |   169 ||   229
         Tentacles         |    13 |    13 |    44 ||    70
         Constrict         |    11 |    16 |    56 ||    83
         Punch             |     1 |     3 |    15 ||    19
         Demon blade       |       |    67 |    19 ||    86
   Fire: Sling             |       |    35 |     5 ||    40
  Evoke: Wand              |       |       |     4 ||     4
    Use: Potion            |       |     1 |     5 ||     6
         Scroll            |       |     7 |     5 ||    12
   Stab: Sleeping          |     9 |    13 |     7 ||    29
 Armour: Skin              |     6 |     2 |    16 ||    24
  Dodge: Dodged            |    14 |    49 |   104 ||   167

Table legend: (Time is in decaauts)
 A = Elapsed time spent in this place.
 B = Non-inter-level travel time spent in this place.
 C = Inter-level travel time spent in this place.
 D = Time resting spent in this place.
 E = Time spent auto-exploring this place.
 F = Levels seen in this place.
 G = Mean time per level.
                   A        B        C        D        E       F      G
               +--------+--------+--------+--------+--------+-----+--------+
         Total |   7096 |   6782 |    314 |    494 |   5031 |   9 |  788.4 |
       Dungeon |   6142 |   5832 |    310 |    464 |   4460 |   7 |  877.4 |
        Temple |     30 |     26 |      4 |      0 |      0 |   1 |   30.0 |
        Bailey |    922 |    922 |      0 |     30 |    571 |   1 |  922.0 |
               +--------+--------+--------+--------+--------+-----+--------+

Top non-repeatable levels by time:
     D:5: 1319 daAuts
     D:6: 1177 daAuts
     D:2: 1018 daAuts
     D:3: 1014 daAuts
  Bailey: 922 daAuts
     D:4: 803 daAuts
     D:1: 731 daAuts
     D:7: 78 daAuts
  Temple: 30 daAuts
